Map: Torches LE

Players

harrykjg - Winner!

  • Race: Protoss Protoss
  • League: Diamond
  • Spawn Location: 5:00

LigerMaNN

  • Race: Zerg Zerg
  • League: Diamond
  • Spawn Location: 1:00

VOD

Have the link to the VOD?

Description

Time

  • Played on: June 8, 2025, 12:15 a.m.
  • Length: 7:31
Show
View Real Time Build Order
Export as new Build Order

harrykjg Protoss - Winner!

Build Orders: 1 Gate Expand, Carrier Rush 

Get SALT Encoding   

  12  0:01  Probe  
  13  0:17  Probe  
  13  0:19  Pylon  
  14  0:25  Probe  
  14  0:35  Probe  
  16  0:43  Gateway  
  16  0:47  Probe  
  17  0:54  Assimilator  
  17  1:00  Probe  
  18  1:08  Probe  
  18  1:16  Probe  
  20  1:31  Probe  
  21  1:35  Nexus  
  21  1:45  Cybernetics Core  
  21  1:56  Pylon  
  21  1:57  Probe  
  22  2:05  Assimilator  
  22  2:09  Probe  
  23  2:21  Probe  
  24  2:23  Adept  
  24  2:29  Warp Gate  
  26  2:33  Probe  
  27  2:42  Pylon  
  27  2:45  Probe  
  28  2:52  Stargate  
  28  2:53  Probe, Adept  
  28  2:54  Shield Battery  
  28  2:57  Pylon  
  31  2:58  Probe  
  31  3:03  Probe  
  32  3:06  Probe  
  34  3:14  Probe  
  35  3:24  Probe  
  35  3:26  Probe  
  37  3:30  Assimilator  
  37  3:32  Probe  
  37  3:37  Assimilator  
  37  3:38  Probe  
  37  3:40  Probe  
  39  3:43  Fleet Beacon  
  40  3:53  Void Ray  
  44  3:56  Probe  
  45  4:13  Probe, Shield Battery  
  45  4:15  Pylon  
  46  4:25  Stalker  
  46  4:35  Carrier  
  46  4:38  Gateway  
  46  4:39  Pylon  
  52  4:53  Zealot  
  45  5:09  Cybernetics Core  
  40  5:19  Probe  
  41  5:28  Probe  
  42  5:31  Probe  
  42  5:33  Carrier  
  43  5:40  Probe  
  50  5:43  Probe  
  51  5:51  Probe  
  51  5:55  Probe  
  53  5:59  Probe  
  54  6:07  Probe  
  54  6:08  Pylon, Probe  
  56  6:18  Probe  
  56  6:20  Probe  
  58  6:35  Probe x2  
  60  6:42  Twilight Council  
  61  6:47  Probe  
  61  6:55  Probe  
  61  6:59  Probe  
  63  7:05  Gateway, Adept x2  
  63  7:07  Probe  
  66  7:08  Pylon  
  66  7:17  Nexus  
  66  7:18  Gateway  
  66  7:19  Pylon, Probe  
  67  7:26  Assimilator  
Show
View Real Time Build Order
Export as new Build Order

LigerMaNN Zerg 

Build Orders: Hatch First 

Get SALT Encoding   

  12  0:07  Drone  
  12  0:12  Overlord  
  13  0:17  Drone  
  14  0:31  Drone x2  
  16  0:54  Drone  
  16  0:56  Drone  
  18  1:00  Hatchery  
  17  1:09  Drone  
  17  1:10  Extractor  
  17  1:17  Spawning Pool  
  16  1:21  Drone  
  16  1:22  Drone  
  18  1:34  Drone  
  19  1:44  Overlord  
  19  2:16  Metabolic Boost  
  19  2:19  Zergling x6  
  19  2:20  Queen  
  24  2:24  Queen  
  24  2:29  Drone  
  27  2:30  Drone  
  27  2:34  Roach Warren  
  27  3:04  Zergling x12  
  31  3:20  Overlord x2  
  31  3:45  Roach x2  
  31  3:46  Roach x6  
  47  4:08  Zergling x8  
  51  4:10  Overlord  
  51  4:11  Overlord  
  40  4:47  Zergling x18  
  40  4:48  Zergling x4  
  33  5:17  Drone  
  33  5:18  Drone x4  
  38  5:22  Spore Crawler  
  32  5:47  Lair  
  28  5:56  Hatchery  
  27  6:02  Drone x7  
  34  6:05  Drone  
  34  6:08  Drone  
  36  6:18  Evolution Chamber  
  35  6:21  Drone x3  
  38  6:36  Queen  
  40  6:49  Drone x9  
  40  6:52  Drone  
  40  6:53  Drone  
  49  6:58  Spore Crawler  
  47  7:11  Extractor  
  47  7:13  Extractor  
  45  7:18  Spore Crawler  
  42  7:26  Spire  
Tags
 
Add a new tag
Caveats
  • Supply blocks, unpowered buildings, or Contaminate may cause inaccurate times.
  • Supply counts are checked every 10 seconds.